Cogmind - Beta 13 @@@ ROGUE MODE // 2024.04.22 @ 21:03:32 Player: Biasface Result: Destroyed by D-53 Grenadier with Mini Grenade Launcher Performance ------------- Evolutions (0) 0 Regions Visited (4) 800 Robots Destroyed (34) 170 Value Destroyed (606) 606 Prototype IDs (2) 40 Alien Tech Used (0) 0 Bonus (0) 0 TOTAL SCORE: 1616 Bonus ------- None Cogmind --------- Core Integrity 0/250 Matter 38/300 Energy 70/100 System Corruption 1% Temperature Cool (0) Movement Treading (240) Ox1 Location -9/Mines Parts ------- > --- POWER (1) -------- (None) > --- PROPULSION (2) --- Light Treads > --- UTILITY (2) ------ Large Storage Unit > --- WEAPON (2) ------- Assault Rifle Assault Rifle > --- INVENTORY (15) --- Aluminum Leg Aluminum Leg Improved Heat Sink Visual Processing Unit Sensor Array Targeting Computer Targeting Computer Tractor Beam Mining Claw Peak State ------------ > --- POWER ------------ Light Nuclear Core > --- PROPULSION ------- Light Treads Light Treads > --- UTILITY ---------- Large Storage Unit Medium Reactive Plating > --- WEAPON ----------- Assault Rifle Heavy Missile Launcher > --- INVENTORY -------- Ion Engine Aluminum Leg Aluminum Leg Improved Heat Sink Visual Processing Unit Sensor Array Targeting Computer Targeting Computer Tractor Beam Assault Rifle Assault Rifle Mining Claw [Rating: 16] Favorites ----------- Power Light Nuclear Core Engine Ion Engine Power Core Light Nuclear Core Propulsion Light Treads Treads Light Treads Utility Seismic Detector Device Seismic Detector Storage Medium Storage Unit Protection Medium Reactive Plating Weapon Assault Rifle Energy Gun Particle Gun Ballistic Gun Assault Rifle Launcher Heavy Missile Launcher Build | -11 -10 -10 -10 -9 ------- Run | Yrd Mat Min Exi Min Slots Evolved . | . . . . . Power . | . . . . . Propulsion . | . . . . . Utility . | . . . . . Weapon . | . . . . . Parts Attached 31 | 8 12 2 . 9 Power 3 | 1 1 . . 1 Engine 2 | 1 . . . 1 Core 1 | . 1 . . . Reactor . | . . . . . Propulsion 5 | 2 3 . . . Treads 5 | 2 3 . . . Leg . | . . . . . Wheel . | . . . . . Hover . | . . . . . Flight . | . . . . . Utility 5 | 2 2 . . 1 Device 1 | 1 . . . . Storage 3 | 1 2 . . . Processor . | . . . . . Hackware . | . . . . . Protection 1 | . . . . 1 Artifact . | . . . . . Weapon 18 | 3 6 2 . 7 Energy Gun 2 | 1 1 . . . Energy Cannon . | . . . . . Ballistic Gun 13 | 2 5 1 . 5 Ballistic Cannon . | . . . . . Launcher 3 | . . 1 . 2 Special Weapon . | . . . . . Impact Weapon . | . . . . . Slashing Weapon . | . . . . . Piercing Weapon . | . . . . . Special Melee Weapon . | . . . . . Unidentified Prototypes . | . . . . . Parts Lost 7 | . . . . 7 Power 2 | . . . . 2 Propulsion 1 | . . . . 1 Utility 2 | . . . . 2 Weapon 2 | . . . . 2 Highest Loss Streak 5 | . . . . 5 To Critical Strikes . | . . . . . Average Slot Usage (%) 96 | . 99 100 71 97 Engine 1 | . 1 . . 4 Core 12 | . 12 14 14 8 Treads 27 | . 27 28 28 28 Device 13 | . 14 14 14 6 Storage 14 | . 14 14 14 14 Energy Gun 2 | . 3 . . . Ballistic Gun 22 | . 24 25 . 24 Naked Turns . | . . . . . Heaviest Build 54 | 15 30 30 26 54 Greatest Support 40 | 40 40 40 40 40 Greatest Overweight (x) 1 | . 1 . . 1 Average Overweight (x) . | . . . . . Largest Inventory Capacity 15 | 8 15 15 15 15 Average Capacity 10 | 7 10 15 15 15 Most Carried 14 | 4 12 12 14 13 Average Carried 9 | 2 9 12 13 11 Final Capacity 15 | 8 15 15 15 15 Final Carried 14 | 4 12 12 14 9 Class Distribution -------------------- 100% | Mutant Dominant Class ---------------- Mutant | -10/Materials Mutant | -10/Mines Mutant | -10/Exiles Mutant | -9/Mines Resources | -11 -10 -10 -10 -9 ----------- Run | Yrd Mat Min Exi Min Matter Collected 837 | 340 496 . . 1 Remotely . | . . . . . Salvage Created 1149 | 141 879 2 . 127 Parts 68 | 14 49 3 . 2 Haulers Intercepted 2 | . 2 . . . Recyclers Shooed 3 | . 3 . . . Parts Field Recycled . | . . . . . Retrieved Matter . | . . . . . Parts Self-Destructed . | . . . . . Prevented . | . . . . . Kills | -11 -10 -10 -10 -9 ------- Run | Yrd Mat Min Exi Min Combat Hostiles Destroyed 33 | . 15 3 . 15 Guns 18 | . 15 . . 3 AOE 15 | . . 3 . 12 Classes Destroyed 8 | 2 4 . . 2 Worker 2 | . . . . 2 Tunneler 4 | 3 1 . . . Hauler 2 | . 2 . . . Recycler 6 | 1 3 . . 2 Watcher 2 | . 2 . . . Swarmer 6 | . 3 3 . . Grunt 12 | . 12 . . . Assembled 15 | . . . . 15 Best Kill Streak 15 | 3 3 3 . 15 Combat Bots Only 15 | . 3 3 . 15 Max Kills in Single Turn 3 | 1 1 2 . 3 Gunslinging . | . . . . . Exploded 3 | . . 2 . 3 Melee . | . . . . . Uniques/NPCs Destroyed . | . . . . . Combat | -11 -10 -10 -10 -9 -------- Run | Yrd Mat Min Exi Min Hostile Shots Fired 143 | . 89 5 . 49 Missed 38 | . 20 1 . 17 Damage Taken 1765 | . 716 89 . 960 Core 258 | . 113 . . 145 Absorbed by Shields . | . . . . . Ignored by Resistances 54 | . . . . 54 Regen/Repaired (Parts) 130 | . 130 . . . Core Remaining (%) 100 | 100 . . . . Volleys Fired 99 | 10 71 2 . 16 Largest 2 | 2 2 1 . 2 Hottest 85 | 40 85 30 . 40 Shots Fired 187 | 20 142 2 . 23 Gun 176 | 20 142 . . 14 Cannon . | . . . . . Launcher 11 | . . 2 . 9 Special . | . . . . . Kinetic 161 | 20 127 . . 14 Thermal 15 | . 15 . . . Explosive 11 | . . 2 . 9 Electromagnetic . | . . . . . Robot Hit Streak 16 | 4 16 1 . 6 Robot Miss Streak 7 | 4 7 1 . 1 Penetration Max . | . . . . . Secondary Targets 3 | . 3 . . . Max Gunslinging Chain 1 | . 1 . . . Shots Hit Robots 122 | 10 95 1 . 16 Core Hits 78 | 5 37 2 . 34 Critical Kills . | . . . . . Critical Parts Destroyed 1 | . 1 . . . Critical Strikes 3 | . 3 . . . Burn 2 | . 2 . . . Destroy 1 | . 1 . . . Melee Attacks . | . . . . . Impact . | . . . . . Slashing . | . . . . . Piercing . | . . . . . Sneak Attacks . | . . . . . Combat Hostiles . | . . . . . Follow-up Attacks . | . . . . . Damage Inflicted 3036 | 130 1285 246 . 1375 Guns 1531 | 130 1280 . . 121 Cannons . | . . . . . Explosions 1500 | . . 246 . 1254 Melee . | . . . . . Ramming 5 | . 5 . . . Kinetic 1391 | 130 1140 . . 121 Thermal 140 | . 140 . . . Explosive 1500 | . . 246 . 1254 Electromagnetic . | . . . . . Impact . | . . . . . Slashing . | . . . . . Piercing . | . . . . . Highest Corruption 1 | . 1 1 1 1 Average Corruption 1 | . 1 1 1 1 Corruption Purged . | . . . . . Corruption Blocked . | . . . . . Effects 8 | . 5 1 2 . Message Errors 3 | . 1 1 1 . Heat Flow Errors 3 | . 2 . 1 . Data Loss (minor) 2 | . 2 . . . Overload Shots . | . . . . . Overflow Damage 48 | . . 45 . 3 Projectiles . | . . . . . Explosions 48 | . . 45 . 3 Melee . | . . . . . Knockbacks . | . . . . . Impact . | . . . . . Kinetic . | . . . . . Secondary . | . . . . . Self-Inflicted Damage 200 | . . 62 . 138 Shots 8 | . . 2 . 6 Rammed 3 | . 3 . . . Targets Rammed 3 | . 3 . . . Kicked . | . . . . . Crushed . | . . . . . Highest Temperature 212 | . 202 . 212 8 Average Temperature 58 | . 60 . 111 3 Received Heat Transfer 294 | . 294 . . . Siege Activations . | . . . . . Robots Corrupted . | . . . . . Combat Hostiles . | . . . . . Parts Fried . | . . . . . Impact Corruptions . | . . . . . Robots Melted . | . . . . . Combat Hostiles . | . . . . . Parts Melted . | . . . . . Heat Transferred 481 | . 481 . . . Parts Sabotaged . | . . . . . Parts Stolen . | . . . . . Parts Stripped . | . . . . . Power Chain Reactions . | . . . . . Alert | -11 -10 -10 -10 -9 ------- Run | Yrd Mat Min Exi Min Peak Influence 274 | 20 274 130 . 34 Initial 34 | . 13 34 . . Average 122 | 8 140 124 . 9 Maximum Alert Level 1 | . 1 . . . Low Security (%) 89 | 100 86 100 . 100 Level 1 10 | . 13 . . . Level 2 . | . . . . . Level 3 . | . . . . . Level 4 . | . . . . . Level 5 . | . . . . . High Security . | . . . . . Max Security . | . . . . . Squads Dispatched 4 | . 4 . . . Investigation 1 | . 1 . . . Extermination . | . . . . . Reinforcement 3 | . 3 . . . Assault . | . . . . . Garrison . | . . . . . Intercept . | . . . . . Searches Triggered . | . . . . . Construction Impeded . | . . . . . Haulers Reinforced . | . . . . . Active Scanning Responses . | . . . . . Cargo Convoy Interrupts . | . . . . . Stealth | -11 -10 -10 -10 -9 --------- Run | Yrd Mat Min Exi Min Distress Signals 1 | . 1 . . . Communications Jammed . | . . . . . Distress Signals . | . . . . . Times Spotted 51 | . 31 3 . 17 Peak Tracking Total 11 | . 4 2 . 11 Tactical Retreats 3 | . 3 . . . Traps | -11 -10 -10 -10 -9 ------- Run | Yrd Mat Min Exi Min Traps Triggered 4 | . 3 . . 1 Indirectly . | . . . . . Trap Hack Attempts . | . . . . . Triggered . | . . . . . Disarmed . | . . . . . Reprogrammed . | . . . . . Reused . | . . . . . Traps Extracted . | . . . . . Installed . | . . . . . Triggered . | . . . . . Machines | -11 -10 -10 -10 -9 ---------- Run | Yrd Mat Min Exi Min Machines Disabled 1 | . . 1 . . Max in Single Turn 1 | . . 1 . . Machines Repaired . | . . . . . Machines Dismantled . | . . . . . Machines Sabotaged . | . . . . . Overloaded Fab Kills . | . . . . . Hacking | -11 -10 -10 -10 -9 --------- Run | Yrd Mat Min Exi Min Machines Accessed 10 | . 8 . 1 1 Terminals 5 | . 5 . . . Fabricators . | . . . . . Repair Stations 1 | . 1 . . . Recycling Units 2 | . 2 . . . Scanalyzers . | . . . . . Garrison Access . | . . . . . Total Hacks 22 | . 20 . 1 1 Successful 10 | . 8 . 1 1 Failed 11 | . 11 . . . Catastrophic 2 | . 2 . . . Database Lockouts 1 | . 1 . . . Manual 6 | . 6 . . . Terminals 12 | . 12 . . . Fabricators . | . . . . . Repair Stations 2 | . 2 . . . Recycling Units 6 | . 6 . . . Scanalyzers . | . . . . . Garrison Access . | . . . . . Terminal Hacks 6 | . 4 . 1 1 Record 1 | . . . 1 . Robot Analysis 2 | . 2 . . . Prototype ID Bank 1 | . 1 . . . Open Door 1 | . . . . 1 Emergency Access Points 1 | . 1 . . . Fabricator Hacks . | . . . . . Repair Station Hacks 2 | . 2 . . . Scan Component 1 | . 1 . . . Repair 1 | . 1 . . . Recycling Unit Hacks 2 | . 2 . . . Retrieve Components 2 | . 2 . . . Scanalyzer . | . . . . . Garrison Access Hacks . | . . . . . Unauthorized Hacks . | . . . . . Terminals . | . . . . . Fabricators . | . . . . . Repair Stations . | . . . . . Recycling Units . | . . . . . Scanalyzers . | . . . . . Garrison Access . | . . . . . Data Cores Recovered . | . . . . . Used . | . . . . . Hacking Detections 5 | . 5 . . . Full Trace Events . | . . . . . Feedback Events . | . . . . . Feedback Blocked . | . . . . . Robot Schematics Acquired . | . . . . . Robots Built . | . . . . . Authchips . | . . . . . Time . | . . . . . Total Robot Build Rating . | . . . . . Part Schematics Acquired . | . . . . . Parts Built . | . . . . . Authchips . | . . . . . Time . | . . . . . Total Part Build Rating . | . . . . . Parts Repaired 1 | . 1 . . . Time 26 | . 26 . . . Parts Recycled . | . . . . . Recycled Matter . | . . . . . Retrieved Matter . | . . . . . Retrieved Components 12 | . 12 . . . Parts Scanalyzed . | . . . . . Part Schematics Acquired . | . . . . . Parts Damaged . | . . . . . Bothacking | -11 -10 -10 -10 -9 ------------ Run | Yrd Mat Min Exi Min Used RIF Installer . | . . . . . Robots Hacked . | . . . . . Non-combat . | . . . . . Combat . | . . . . . Robot Hacks Applied . | . . . . . Relay Couplers Released . | . . . . . Fabnet Peak Effective % . | . . . . . Robots Rewired . | . . . . . Allies Hacked . | . . . . . Hacks Repelled . | . . . . . Allies | -11 -10 -10 -10 -9 -------- Run | Yrd Mat Min Exi Min Total Allies . | . . . . . Largest Group . | . . . . . Highest-Rated Group . | . . . . . Highest-Rated Ally . | . . . . . Total Orders . | . . . . . Ally Attacks . | . . . . . Total Damage . | . . . . . Kills . | . . . . . Allies Corrupted . | . . . . . Allies Melted . | . . . . . Intel | -11 -10 -10 -10 -9 ------- Run | Yrd Mat Min Exi Min Robot Analysis Total 2 | . 2 . . . Derelict Logs Recovered . | . . . . . Drone Launches . | . . . . . Drone Recoveries . | . . . . . Exploration | -11 -10 -10 -10 -9 ------------- Run | Yrd Mat Min Exi Min Turns Passed 2354 | 150 1776 54 225 149 Spaces Moved 1201 | 68 909 30 141 53 Core 3 | 3 . . . . Treads 1198 | 65 909 30 141 53 Legs . | . . . . . Wheels . | . . . . . Hover . | . . . . . Flight . | . . . . . Fastest Speed 50 | 50 160 160 160 160 Average Speed 160 | 155 160 160 160 178 Slowest Speed 240 | 160 240 160 160 240 Overloaded Moves . | . . . . . Propulsion Burnouts . | . . . . . Robots Hopped . | . . . . . Cave-ins Triggered . | . . . . . Exploration Rate (%) 36 | 6 98 7 53 20 Regions Visited 4 Branch Regions 3 Pre-discovered Areas 1 | . . . 1 . Known Exits Taken . | . . . . . Unknown Exits Taken 4 | 1 1 1 1 . Scrap Searched . | . . . . . Spaces Dug . | . . . . . Terrain Destroyed 124 | . . 23 . 101 Melee . | . . . . . Projectile . | . . . . . AOE 124 | . . 23 . 101 Terrain Rammed . | . . . . . Walls Destroyed . | . . . . . Machines Disabled . | . . . . . Actions | -11 -10 -10 -10 -9 --------- Run | Yrd Mat Min Exi Min Total 1434 | 89 1089 33 142 81 Wait 67 | . 67 . . . Move 1197 | 67 908 29 140 53 Hop . | . . . . . Pick Up 21 | 4 15 . . 2 Fast Attach 10 | 7 3 . . . Attach 6 | . . . . 6 Detach 2 | . . . 2 . Swap 15 | 1 9 2 . 3 Drop 14 | . 13 . . 1 Fire 99 | 10 71 2 . 16 Melee . | . . . . . Ram . | . . . . . Kick . | . . . . . Crush 3 | . 3 . . . Escape Stasis . | . . . . . Rewire . | . . . . . Trap . | . . . . . Miscellaneous . | . . . . . Route ------- -11/Scrapyard -10/Materials (discovered 4 exits: [*Mat x3] / [*Min]) -10/Mines -10/Exiles -9/Mines History --------- Turn | Location | Event 19 | -11/Scrapyard | Discovered new exit (range 14) 151 | -11/Scrapyard | Entered Materials 304 | -10/Materials | Build established: Mutant 397 | -10/Materials | Discovered new exit (range 16) 533 | -10/Materials | Central database locked down 865 | -10/Materials | Discovered new exit (range 7) 1428 | -10/Materials | Repaired Lgt. Treads 1508 | -10/Materials | Discovered new exit (range 6) 1572 | -10/Materials | Discovered new exit (range 11) 1927 | -10/Materials | Entered Mines 1970 | -10/Mines | Deemed a non-threat by the Exiles lab entrance 1971 | -10/Mines | Discovered new exit (range 5) 1981 | -10/Mines | Entered Exiles 2026 | -10/Exiles | Met 8R-AWN 2051 | -10/Exiles | Met EX-HEX 2110 | -10/Exiles | Met EX-DEC 2144 | -10/Exiles | Learned location of Zion (-6) 2192 | -10/Exiles | Discovered new exit (range 10) 2206 | -10/Exiles | Entered Mines 2216 | -9/Mines | Met a Derelict who couldn't figure out how to use a Trap Extractor 2270 | -9/Mines | Assembled infested the area 2285 | -9/Mines | Core integrity fell below 50% 2329 | -9/Mines | Destroyed 15 combat bots 2355 | -9/Mines | Core integrity fell below 20% 2355 | -9/Mines | Destroyed by D-53 Grenadier with Mini Grenade Launcher Last Messages --------------- 02344_ Ion Engine destroyed. 02346_ The unstable cave ceiling collapses. 02346_ Assault Rifle destroyed. 02346_ Destroyed Assault Rifle. 02348_ U-05 Engineer lays Concrete. 02348_ K-01 Serf collects debris. 02349_ U-05 Engineer builds a Wall. 02349_ U-05 Engineer lays Concrete. 02350_ The unstable cave ceiling collapses. 02350_ U-05 Engineer builds a Wall. 02350_ K-01 Serf destroyed. 02351_ The unstable cave ceiling collapses. 02351_ Hvy. Missile Launcher destroyed. 02352_ The unstable cave ceiling collapses. 02352_ K-01 Serf collects debris. 02353_ Med. Reactive Plating destroyed. 02353_ U-05 Engineer lays Concrete. 02354_ Lgt. Treads destroyed. 02354_ U-05 Engineer builds a Wall. 02355_ The unstable cave ceiling collapses. Map ----- +----------------------------------------------------+ | ??????????????????????????????????????????? | | ??????????????????????????????????????????? | | ??????????????????????????????????????????? | | ??????????????????????????????????????????? | | ??????????????????????????????????????????? | | ??????????????????????????????????????????? | | ????????????? #???????????????????????????? | | ????????????? #??????????????????????????? | | ????????????? ##????????????????????????? | | ????? ??????# #????????????????????????? | | ????? ??????# #????????????????????????? | | ?????? ????## ?????????????????????????? | | ??????# ???# ???????????????######????? | | ??????? % # * ####??#???????##" ""###??? | | ??????? =% ## ????????#"[=! #??? | | ??????? !![ ### # ????????#"] ]! #??? | | ?????? =%! u ?????????## ^!] #???? | | ??????? ! ##?????????### ##??? | | ???????? # ##?????????# X #??? | | ?????????# # = ##?????????# #??? | | ?????????# d ##?####????# #??? | | ?????????# # ### ?????# #??? | | ????????## # ##????# #??? | | ????????# d ##???# #??? | | ?????????# #???# #??? | | ?????????# @ #???## ######??? | | ?????????# #????# #???????? | | ?????????##### ###### ########? | | ?????????????## | | ??????????????## " k #######? | | ???????????????## """ #### #??????? | | ????????????????# ##??# #??????? | | ????????????????## ###???# #??????? | | ?????????????????## ##?????# #??????? | | ??????????????????## #??????# #??????? | | ???????????????????## ??????# #??????? | | ????????????????????## ??????# #??????? | | ?????????????????????### ??????? #??????? | | ???????????????????????# #?????? #??????? | | ???????????????????????# #?????? #??????? | | ??????????????????????? #?????? #??????? | | ??????????????????????? #?????? ???????? | | ???????????????????????###??????? ???????? | | ????????????????????????????????? ???????? | | ??????????????????????????????????????????? | | ??????????????????????????????????????????? | | ??????????????????????????????????????????? | | ??????????????????????????????????????????? | | ??????????????????????????????????????????? | | ??????????????????????????????????????????? | +----------------------------------------------------+ Best States ------------- Heat Dissipation 25 Energy Generation 14 Energy Capacity 250 Matter Stores 300 Matter Capacity 300 Sight Range 16 Terrain Scan Density 10 Armor Coverage 225 Resistance: KI 30 Evasion (%) 40 Recoil Reduction 2 Item Schematics ----------------- None Robot Schematics ------------------ None Fabricated ------------ Nothing Alien Tech Used ----------------- None Achievements -------------- None Challenges ------------ None Game ------ Seed CombatLobotomyMount Manual? 0 Play Time 00:15:43 Cumulative 10.8 hours Start 2024.04.22 @ 20:49:29 End 2024.04.22 @ 21:03:32 Sessions 1 Manual Loads 0 Difficulty Rogue Special Mode None Game No. 17 Rogue 17 Adventurer 0 Explorer 0 Win Type - Total 1 Types 1/0/0/0/0/0/0/0/0 Lore% 20 Gallery% 16 Achievement% 21 Wizard Run 0 Options --------- Layout 1 ASCII 0 Keyboard 0 Movement Arrows Keybinds 0 Fullscreen 1 Font 24/Smallcaps Map View 50x35 Zoom Use 0% Tactical HUD 1 Map Filters NONE Filters NONE Steam 1 RUN: 2fc37e51-ad4f-46fd-a4d6-560ee6a7d415